 Dungeon Crawl Stone Soup version 0.28.0-43-g3370ac3207 (webtiles) character file.

Game seed: 15047388834196983151

125 KamiKatze the Chopper (level 4, -2/39 HPs)
             Began as a Palentonga Fighter on Mar 26, 2022.
             Splashed by a jelly's acid (8 damage)
             ... on level 4 of the Dungeon.
             The game lasted 00:07:58 (2454 turns).

KamiKatze the Chopper (Palentonga Fighter)          Turns: 2454, Time: 00:08:00

Health: -2/39      AC: -5    Str: 22    XL:     4   Next: 82%
Magic:  4/4        EV:  7    Int:  8    God:
Gold:   121        SH:  4    Dex:  9    Spells: 3/3 levels left

rFire   . . .      SeeInvis +   a - +0 war axe
rCold   . . .      Faith    .   c - +0 buckler
rNeg    . . .      Spirit   .   b - +0 scale mail
rPois   .          Reflect  .   (no helmet)
rElec   .          Harm     .   (no cloak)
rCorr   .          Rampage  .   (no gloves)
Will    +....                   (no barding)
Stlth   ..........              (no amulet)
HPRegen 0.13/turn               m - ring of willpower
MPRegen 0.09/turn               (no ring)

@: corroded
A: large, rugged brown scales 3, see invisible, deformed body, roll 1, armoured
tail
a: Rolling Charge


You were on level 4 of the Dungeon.
You visited 1 branch of the dungeon, and saw 4 of its levels.

You collected 121 gold pieces.

Inventory:

Hand Weapons
 a - a +0 war axe (weapon)
Missiles
 k - 35 stones
 n - 11 poisoned darts (quivered)
Armour
 b - a +0 scale mail (worn)
 c - a +0 buckler (worn)
Jewellery
 m - a ring of willpower (left hand)
Scrolls
 e - 3 scrolls of identify {unknown}
 g - 2 scrolls of silence {unknown}
 h - a scroll of amnesia {unknown}
 j - a scroll of teleportation {unknown}
 o - 3 scrolls of magic mapping {unknown}
 q - a scroll of blinking {unknown}
Potions
 d - a potion of might
 f - a potion of magic {unknown}
 i - 2 potions of haste {unknown}
 l - a potion of invisibility {unknown}
 p - a potion of ambrosia {unknown}


   Skills:
 + Level 3.7 Fighting
 * Level 3.8 Axes
 - Level 2.4 Armour
 + Level 3.1 Shields


You had 3 spell levels left.
You didn't know any spells.
Your spell library contained the following spells:

 Spells                   Type           Power      Damage    Failure   Level
 Freezing Cloud           Conj/Ice/Air   0%         6-21      100%        5
 Simulacrum               Ice/Necr       0%         N/A       100%        6
 Polar Vortex             Ice            0%         N/A       100%        9


Dungeon Overview and Level Annotations

Branches:
Dungeon (4/15)
 Temple: D:4-7

Altars:
Hepliaklqana
Yredelemnul
Lugonu

Portals:
Abyss: D:3

Annotations:
D:3 2 runed translucent doors, exclusion: 2 doors


Innate Abilities, Weirdness & Mutations

You are completely covered in rugged brown scales. (AC +3, +7% HP)
You have supernaturally acute eyesight. (SInv)
Armour fits poorly on your strangely shaped body.
You can roll at nearby foes to attack.
You have a long armoured tail.


Message History

You kill the hobgoblin!
Found 24 arrows.
You see here 24 arrows.
There is a stone staircase leading up here.
Found a stone staircase leading down.
There is a stone staircase leading up here.
There is a stone staircase leading up here.
The kobold shouts!
You hear a shout!
The kobold shouts!
Partly explored, can't reach some items and places.
Partly explored, can't reach some items and places.
Unknown command.
Saving game... please wait.
Level annotation: 2 runed translucent doors, exclusion: 2 doors Welcome back, KamiKatze the Palentonga Fighter.
Press ? for a list of commands and other information.
Partly explored, can't reach some items and places.
There is a stone staircase leading down here.
You climb downwards.
The jelly quivers.
Found a hand axe.
Found a stone staircase leading up.
There is a stone staircase leading up here.
There is a stone staircase leading up here.
You hit the jelly.
Your hands burn!
You tail-slap the jelly!
The jelly is severely wounded.
The jelly hits you. The acid corrodes you!
You are splashed with acid!
You are too injured to fight recklessly!
You are too injured to fight recklessly!
You are too injured to fight recklessly!
You hit the jelly. The acid corrodes you!
Your hands burn!
The jelly is almost dead.
The jelly hits you.
You are splashed with acid!
* * * LOW HITPOINT WARNING * * *
You hit the jelly but do no damage.
Your hands burn!
* * * LOW HITPOINT WARNING * * *
The jelly is almost dead.
The jelly hits you.
* * * LOW HITPOINT WARNING * * *
The acid corrodes you!
You are splashed with acid!
You die... .. #. #. #. #. #. #.######.# #.<.@J..)# ##########

You could see a jelly.

Vanquished Creatures
  3 gnolls
  2 adders
  4 worms
  A dart slug (D:2)
  7 ball pythons
  3 bats (D:2)
  7 endoplasms
  6 giant cockroaches
  10 goblins
  4 hobgoblins
  3 quokkas
  2 frilled lizards
  2 kobolds
  6 rats
60 creatures vanquished.

Notes
Turn   | Place    | Note
-------+----------+-------------------------------------------
     0 | D:1      | KamiKatze the Palentonga Fighter began the quest for the
                  | Orb.
     0 | D:1      | Reached XP level 1. HP: 19/19 MP: 1/1
   168 | D:1      | Reached XP level 2. HP: 12/25 MP: 2/2
   359 | D:1      | Found a faded altar of an unknown god.
   977 | D:2      | Reached XP level 3. HP: 31/31 MP: 3/3
  1342 | D:2      | Reached XP level 4. HP: 37/37 MP: 4/4
  1425 | D:3      | Found a basalt altar of Yredelemnul.
  1844 | D:3      | Found a one-way gate to the infinite horrors of the Abyss.
  1870 | D:3      | Found a hazy altar of Hepliaklqana.
  1963 | D:3      | Found a large runed translucent door.
  1970 | D:3      | Found a large runed translucent door.
  1970 | D:3      | Found a corrupted altar of Lugonu.
  1970 | D:3      | Identified the +0 scale mail of Jineeq {rElec Int+3}
  2454 | D:4      | Splashed by a jelly's acid

Illustrated notes

Levels and vault maps discovered:
D:1:      dpeg_arrival_rooms_c, layout_basic, basic_ecumenical_altar
D:2:      layout_rooms, minmay_split_cup_large
D:3:      due_chaos_kobolds, layout_loops_ring, mainiacjoe_overflow_alcove_1,
          yredelemnul_altar_generic
D:4:      layout_loops_ring, chequers_temple_overflow_statue_of_worship

Skill      XL: |  1  2  3  4 |
---------------+-------------+-----
Axes           | 3 |  3.8
Shields        | 3 |  3.1
Fighting       | |  3.7
Armour         | |  2.4

Action                   |  1- 3 |  4- 6 || total
-------------------------+-------+-------++-------
Melee: War axe           |    96 |    45 ||   141
       Tailslap          |     7 |     5 ||    12
Throw: Stone             |     5 |    22 ||    27
       Dart              |       |    16 ||    16
 Abil: Rolling Charge    |       |     1 ||     1
Armor: Scale mail        |    58 |    18 ||    76
Dodge: Dodged            |    32 |    14 ||    46
Block: Buckler           |    15 |     6 ||    21
